 Dungeon Crawl Stone Soup version 0.30-a0-591-g3c58d2bc28 (webtiles) character file.

Game seed: 9874562092788069287

23 OTABOTABOTAB the Conjurer (level 2, -3/20 HPs)
             Began as a Draconian Conjurer on Jan 5, 2023.
             Slain by Terence
             ... wielding a +0 short sword
              (5 damage)
             ... on level 2 of the Dungeon.
             The game lasted 00:01:56 (1547 turns).

OTABOTABOTAB the Conjurer (Draconian Conjurer)      Turns: 1547, Time: 00:01:57

Health: -3/20      AC:  5    Str:  9    XL:     2   Next: 72%
Magic:  4/5        EV: 12    Int: 18    God:
Gold:   82         SH:  0    Dex:  9    Spells: 3/6 levels left

rFire   . . .      SeeInvis .    (no weapon)
rCold   . . .      Faith    .    (no shield)
rNeg    . . .      Spirit   .    (body armour unavailable)
rPois   .          Reflect  .    (helmet restricted)
rElec   .          Harm     .    (no cloak)
rCorr   .          Rampage  .    (no gloves)
Will    .....                    a - +0 pair of boots
Stlth   ++                       (no amulet)
HPRegen 0.23/turn                (no ring)
MPRegen 0.09/turn                (no ring)

@: no status effects
A: AC +4, unfitting armour, cold-blooded
a: no special abilities


You were on level 2 of the Dungeon.
You visited 1 branch of the dungeon, and saw 2 of its levels.

You collected 82 gold pieces.

Inventory:

Hand Weapons
 c - a +0 spear
   (You found it on level 1 of the Dungeon)
 d - a +0 flail
   (You found it on level 1 of the Dungeon)
 g - a +0 dagger
   (You took it off a kobold on level 1 of the Dungeon)
 h - a +0 dagger
   (You took it off a goblin on level 1 of the Dungeon)
 j - a +0 dagger
   (You found it on level 1 of the Dungeon)
 l - a +0 spear
   (You found it on level 1 of the Dungeon)
 m - a +0 dagger
   (You took it off a kobold on level 1 of the Dungeon)
 o - a +0 spear
   (You found it on level 1 of the Dungeon)
 p - a +0 club
   (You took it off a goblin on level 1 of the Dungeon)
 t - a +0 club
   (You took it off a goblin on level 2 of the Dungeon)
Missiles
 s - 9 stones
Armour
 a - a +0 pair of boots (worn)
   (You found it on level 1 of the Dungeon)
 r - a +0 cloak
   (You found it on level 2 of the Dungeon)
Scrolls
 e - a scroll of brand weapon {unknown}
 i - a scroll of torment {unknown}
 q - a scroll of identify {unknown}
 u - a scroll of noise {unknown}
Potions
 b - a potion of degeneration {unknown}
 f - a potion of flight {unknown}
 k - a potion of haste {unknown}
 n - a potion of might {unknown}
 M - a potion of magic


   Skills:
 - Level 1.7 Dodging
 - Level 1.7 Stealth
 + Level 2.6 Spellcasting
 + Level 4.4 Conjurations


You had 3 spell levels left.
You knew the following spells:

 Your Spells              Type           Power      Damage    Failure   Level
a - Magic Dart            Conj           72%        1d6       2%          1
b - Searing Ray           Conj           36%        2d5       4%          2

Your spell library contained the following spells:

 Spells                   Type           Power      Damage    Failure   Level
 Shock                    Conj/Air       40%        1d5       7%          1
 Dazzling Flash           Conj/Hex       20%        N/A       21%         3
 Swiftness                Air            2%         N/A       45%         3
 Fulminant Prism          Conj/Hex       5%         3d7       56%         4
 Iskenderun's Mystic Bla  Conj/Tloc      10%        2d4       56%         4
 Airstrike                Air            1%         2d(1-17)  86%         4


Dungeon Overview and Level Annotations

Branches:
Dungeon (2/15)

Altars:

Annotations:
D:2 Terence


Innate Abilities, Weirdness & Mutations

Your plain brown scales are hard. (AC +4)
You cannot fit into any form of body armour.
You are cold-blooded and may be slowed by cold attacks.


Message History

There is an escape hatch in the ceiling here.
Found a stone staircase leading down.
MP restored: 5
There is a stone staircase leading down here.
You now have 82 gold pieces (gained 11).
u - a scroll labelled GAOFUCKUFE No target in view!
Terence and a dart slug come into view.
Terence is wielding a +0 short sword and wearing a +0 scale mail of fire resistance.
Found a stone staircase leading up.
Terence shouts!
The dart slug launches a dart at you.
The slug dart hits you but does no damage.
The magic dart hits the dart slug.
Terence asks, "Do you want it fast or slow?"
You now have 4/5 mp.
The magic dart hits the dart slug.
You now have 3/5 mp.
The dart slug launches a dart at you. The slug dart hits you.
You take 5 damage, and have 15/20 hp.
MASSIVE DAMAGE!!
Aim: a dart slug (severely wounded, 100% to hit)
Okay, then.
The dart slug launches a dart at you. The slug dart hits you.
You take 2 damage, and have 13/20 hp.
Aim: a dart slug (severely wounded, 100% to hit)
Okay, then.
Aim: Terence, wielding a +0 short sword and wearing a +0 scale mail of fire resistance (81% to hit)
The searing ray hits the dart slug!
You kill the dart slug!
The searing ray misses Terence. (Press . to maintain the ray.)
You now have 2/5 mp.
The searing ray hits Terence!
You now have 1/5 mp.
The searing ray hits Terence.
Terence hits you but does no damage.
You now have 0/5 mp.
Without enough magic to sustain it, your searing ray dissipates.
Terence barely misses you. Terence attacks as you move away!
Terence barely misses you. Terence attacks as you move away!
Terence barely misses you. Terence attacks as you move away!
Terence closely misses you. Terence attacks as you move away!
Terence closely misses you.
Aim: Terence, wielding a +0 short sword and wearing a +0 scale mail of fire resistance (heavily wounded, 100% to hit)
The magic dart hits Terence but does no damage.
Terence hits you with a +0 short sword.
You take 6 damage, and have 12/20 hp.
MASSIVE DAMAGE!!
You now have 0/5 mp.
You aren't carrying any items that you can evoke.
Terence attacks as you move away! Terence hits you with a +0 short sword.
You take 1 damage, and have 13/20 hp.
Terence attacks as you move away! Terence hits you with a +0 short sword.
Terence asks, "Do you want it fast or slow?"
You take 3 damage, and have 10/20 hp.
Terence attacks as you move away! Terence barely misses you.
Terence says, "Time to say good-bye..."
Terence attacks as you move away! Terence hits you with a +0 short sword.
You take 3 damage, and have 8/20 hp.
Terence attacks as you move away! Terence hits you with a +0 short sword.
* * * LOW HITPOINT WARNING * * *
You take 5 damage, and have 4/20 hp.
MASSIVE DAMAGE!!
Terence attacks as you move away! Terence closely misses you.
Terence shouts, "Get ready for death!"
Terence attacks as you move away! Terence completely misses you.
Terence attacks as you move away! Terence barely misses you.
Terence attacks as you move away! Terence closely misses you.
Terence asks, "Do you want it fast or slow?"
Terence attacks as you move away! Terence barely misses you.
Aim: Terence, wielding a +0 short sword and wearing a +0 scale mail of fire resistance (moderately wounded, 81% to hit)
You miscast Searing Ray.
You are very lightly contaminated with residual magic.
Nothing appears to happen.
Terence hits you but does no damage.
You now have 1/5 mp.
Terence attacks as you move away! Terence hits you with a +0 short sword.
* * * LOW HITPOINT WARNING * * *
You take 3 damage, and have 6/20 hp.
Terence attacks as you move away! Terence hits you with a +0 short sword.
* * * LOW HITPOINT WARNING * * *
Your magical contamination has completely faded away.
You take 3 damage, and have 4/20 hp.
Terence says, "Did you write a will?
You should..."
Terence attacks as you move away! Terence hits you with a +0 short sword.
* * * LOW HITPOINT WARNING * * *
You take 1 damage, and have 4/20 hp.
Terence attacks as you move away! Terence hits you with a +0 short sword.
* * * LOW HITPOINT WARNING * * *
You take 1 damage, and have 3/20 hp.
Terence says, "Don't bother to defend, it's senseless."
Terence attacks as you move away! Terence misses you.
Terence attacks as you move away! Terence misses you.
Terence attacks as you move away! Terence misses you.
Terence attacks as you move away! Terence hits you with a +0 short sword.
* * * LOW HITPOINT WARNING * * *
You take 4 damage, and have 2/20 hp.
Terence attacks as you move away! Terence hits you with a +0 short sword.
You die...

#######...#...###.#.# #.#
#....####.....#.....###.#
#....#........#.........#
#....#.##............####
#.......#.#####<....##
####.#..#.#####.....#
#..........#..>..#
#.####.###.#####.#
#...##.# #@......#
#......#.##.###@.######
##.#.###.........#
................# #
#...####.........#...#
+... #.......รท.....# #..
####<####.#...# ### ###
.....# ##.#.#


You could see Terence.

Vanquished Creatures
  2 dart slugs
  An endoplasm (D:1)
  A giant cockroach (D:1)
  3 goblins
  3 jackals (D:1)
  A quokka (D:1)
  A frilled lizard (D:2)
  2 kobolds (D:1)
  3 rats (D:1)
17 creatures vanquished.

Notes
Turn   | Place    | Note
-------+----------+-------------------------------------------
     0 | D:1      | OTABOTABOTAB the Draconian Conjurer began the quest for the
                  | Orb.
     0 | D:1      | Reached XP level 1. HP: 14/14 MP: 3/3
   325 | D:1      | Reached XP level 2. HP: 20/20 MP: 3/5
   360 | D:1      | Learned a level 2 spell: Searing Ray
   765 | D:1      | Found a faded altar of an unknown god.
  1454 | D:2      | Noticed Terence
  1497 | D:2      | HP: 4/20 [Terence/+0 short sword (5)]
  1524 | D:2      | HP: 4/20 [Terence/+0 short sword (3)]
  1530 | D:2      | HP: 3/20 [Terence/+0 short sword (2)]
  1546 | D:2      | HP: 2/20 [Terence/+0 short sword (4)]
  1547 | D:2      | Slain by Terence

Illustrated notes

Levels and vault maps discovered:
D:1:      minmay_arrival_cross, layout_basic, serial_co_window_serial,
          co_window_paths_b, co_window_of_opportunity_a, co_window_paths_b,
          co_window_paths_a, co_window_of_opportunity_a, co_window_corner_a,
          co_window_corner_a, co_window_corner_cb, co_window_unsneaky_path_d,
          co_window_unsneaky_path_b, co_window_2corner, co_window_paths_e,
          glass_columns_b, glass_columns_c, glass_columns_a,
          hellmonk_ecumenical_altar_heavens_door
D:2:      layout_basic, bh_walls_and_bars, uniq_terence

Action                   || total
-------------------------++-------
Melee: Unarmed           ||    19
 Cast: Magic Dart        ||    31
       Searing Ray       ||     1
Armor: Skin              ||     8
Dodge: Dodged            ||    33

Table legend: (Time is in decaauts)
 A = Elapsed time spent in this place.
 B = Non-inter-level travel time spent in this place.
 C = Inter-level travel time spent in this place.
 D = Time resting spent in this place.
 E = Time spent auto-exploring this place.
 F = Levels seen in this place.
 G = Mean time per level.
                   A        B        C        D        E       F      G
               +--------+--------+--------+--------+--------+-----+--------+
         Total |   1546 |   1490 |     56 |     39 |   1263 |   2 |  773.0 |
       Dungeon |   1546 |   1490 |     56 |     39 |   1263 |   2 |  773.0 |
               +--------+--------+--------+--------+--------+-----+--------+

Top non-repeatable levels by time:
     D:1: 1319 daAuts
     D:2: 227 daAuts

Table legend:
 A = Kills in this place as a percentage of kills in entire the game.
 B = Kills by you in this place as a percentage of kills by you in the entire game.
 C = Kills by friends in this place as a percentage of kills by friends in the entire game.
 D = Other kills in this place as a percentage of other kills in the entire game.
 E = Experience gained in this place as a percentage of experience gained in the entire game.
 F = Experience gained in this place divided by the number of levels of this place that you have seen.
                   A       B       C       D       E      F
               +-------+-------+-------+-------+-------+----------------------
         Total | 100.0 | 100.0 |   N/A |   N/A | 100.0 |  16.5
       Dungeon | 100.0 | 100.0 |   N/A |   N/A | 100.0 |  16.5
               +-------+-------+-------+-------+-------+----------------------
